 Dungeon Crawl Stone Soup version 0.30.0-21-gd299b56b3f (webtiles) character file.

Game seed: 1912084563598479843

102 qw the Chopper (level 4, -6/28 HPs)
             Began as a Gargoyle Fighter on June 2, 2023.
             Killed from afar by an orc wizard (12 damage)
             ... with a magic dart
             ... on level 2 of the Dungeon.
             The game lasted 00:00:41 (1137 turns).

qw the Chopper (Gargoyle Fighter)                   Turns: 1137, Time: 00:00:42

Health: -6/28      AC: 10    Str: 21    XL:     4   Next: 78%
Magic:  4/4        EV:  9    Int:  9    God:
Gold:   138        SH:  5    Dex: 15    Spells: 3/3 levels left

rFire   . . .        Y - +0 war axe
rCold   . . .        c - +0 buckler
rNeg    + . .        b - +0 scale mail
rPois   inf          (no helmet)
rElec   +            (no cloak)
rCorr   .            (no gloves)
SInv    .            (no boots)
Will    .....        (no amulet) Stlth
                     g - +6 ring of dexterity
HPRegen 0.24/turn    (no ring)
MPRegen 0.09/turn

%: no passive effects
@: no status effects
A: sickness immunity, AC +3, negative energy resistance 1, electricity
resistance, torment resistance 1, petrification resistance
a: no special abilities


You were on level 2 of the Dungeon.
You visited 1 branch of the dungeon, and saw 2 of its levels.

You collected 138 gold pieces.


Innate Abilities, Weirdness & Mutations

You are immune to sickness and miasma.
Your stone body is resilient. (AC +3)
You are immune to poison.
You resist negative energy. (rN+)
You are resistant to electric shocks. (rElec)
You are resistant to unholy torment.
You are immune to petrification.


   Skills:
 - Level 3.2 Fighting
 + Level 4.1 Axes
 - Level 3.2 Armour
 - Level 1.0 Dodging
 - Level 3.2 Shields


You had 3 spell levels left.
You didn't know any spells.
Your spell library was empty.

Inventory:

Hand Weapons
 l - a +0 mace
 Y - a +0 war axe (weapon)
Missiles
 f - 5 boomerangs (quivered)
Armour
 b - a +0 scale mail (worn)
 c - a +0 buckler (worn)
 n - a +0 pair of boots
Jewellery
 g - a +6 ring of dexterity (left hand)
Scrolls
 a - a scroll of fog {unknown}
 e - 2 scrolls of teleportation {unknown}
 h - 3 scrolls of identify
 k - a scroll of enchant armour {unknown}
 m - a scroll of amnesia {unknown}
Potions
 d - a potion of might
 i - a potion of curing {unknown}
 j - 2 potions of heal wounds

Dungeon Overview and Level Annotations

Branches:
Dungeon (2/15)

Altars:


Message History

The orc priest closely misses you. Something hits you but does no damage.
The orc priest closely misses you. Something hits you but does no damage.
The orc priest closely misses you. Something hits you but does no damage.
The orc priest mumbles some strange prayers to Beogh against you.
You barely resist. Something hits you but does no damage.
You feel less confused.
The orc priest looks braver for a moment.
You block something's attack.
You slash the orc priest!
The orc priest is severely wounded.
You hit something.
The orc priest invokes the aid of Beogh against you.
You barely resist.
You hear some strange, mumbled words.
A puff of flame appears from out of thin air!
The puff of flame hits you.
You barely miss the orc priest.
The orc priest is severely wounded.
You barely miss something.
The orc priest invokes the aid of Beogh against you.
Pain shoots through your body! Something hits you.
You slash the orc priest!
You kill the orc priest!
You barely miss something. Something hits you but does no damage.
Something hits you.
Your Axes skill increases to level 4!
You miss something. Something hits you but does no damage.
You barely miss something.
You hear some strange, mumbled words.
Something tries to affect you, but you resist.
You closely miss something. Something hits you.
You closely miss something. Something hits you but does no damage.
You block something's attack.
You hit something.
You hear some strange, mumbled words.
A magic dart appears from out of thin air!
The magic dart hits you!
You die...

.#
#......(.....#####............
.#
#..................###....#.##
## #########...##.##### #....#.#
######### ##.###.# #....#.#
#.......# ### #.# #....#.#
..#####.# #.#######....#.#
#.#####.#########.......#......#
#...............)............###
#.##...#########@.#####.#....#
..##..##
.......){##......##.#### #.....#
.#...#...##.##.#.#...... ####..#
.........##.##.#.#...... #..#
........................ ##.#$
.. ......#.#####.....##. #.## .
...#..##.# #.#...... .#
.......##.# #...####. ### #.#
###......


There were no monsters in sight!

Vanquished Creatures
  An orc priest (D:2)
  2 adders (D:2)
  2 dart slugs (D:1)
  3 orcs (D:2)
  8 bats
  2 endoplasms (D:2)
  A giant cockroach (D:1)
  2 goblins
  4 hobgoblins
  4 jackals (D:1)
  5 kobolds
  2 quokkas (D:2)
  6 ball pythons
  2 frilled lizards (D:1)
  2 rats (D:2)
46 creatures vanquished.

Notes
Turn   | Place    | Note
-------+----------+-------------------------------------------
     0 | D:1      | qw the Gargoyle Fighter began the quest for the Orb.
     0 | D:1      | Reached XP level 1. HP: 14/14 MP: 1/1
     0 | D:1      | 0 ||| qw: Version: 0.2-a-102-gdf20003
     0 | D:1      | 0 ||| qw: Game counter: 796
     0 | D:1      | 0 ||| qw: Always use a shield: true
     0 | D:1      | 0 ||| qw: God list: Okawaru
     0 | D:1      | 0 ||| qw: Allow faded altars: false
     0 | D:1      | 0 ||| qw: Do Orc after D:15 true
     0 | D:1      | 0 ||| qw: Do second Lair branch before Depths: true
     0 | D:1      | 0 ||| qw: Lair rune preference: random
     0 | D:1      | 0 ||| qw: Plans: Normal, Zot:1-4, Slime:5, God:TSO, Crypt,
                  | Tomb, Pan, Hells, Abyss, Win
     0 | D:1      | 0 ||| PLANNING D:1-11
    78 | D:1      | Reached skill level 2 in Axes
    86 | D:1      | Reached XP level 2. HP: 19/19 MP: 2/2
   303 | D:1      | Reached skill level 3 in Axes
   374 | D:1      | Reached XP level 3. HP: 22/23 MP: 3/3
   462 | D:1      | 462 ||| FLEEEEING.
   463 | D:1      | 463 ||| FLEEEEING.
   615 | D:1      | 615 ||| UPGRADING to +6 ring of dexterity.
   616 | D:1      | 616 ||| READING scroll labelled ZEMA JEUMOFO.
   617 | D:1      | 617 ||| READING scroll labelled HILEUSM BENELA.
   618 | D:1      | 618 ||| DRINKING 3 emerald potions.
   715 | D:2      | Reached skill level 1 in Dodging
   822 | D:2      | Found a faded altar of an unknown god.
   876 | D:2      | 876 ||| DROPPING +0 club.
   985 | D:2      | Reached XP level 4. HP: 28/28 MP: 4/4
  1110 | D:2      | 1110 ||| Stepping ~*~*~tactically~*~*~ (hiding).
  1112 | D:2      | 1112 ||| Stepping ~*~*~tactically~*~*~ (hiding).
  1118 | D:2      | HP: 4/28 [orc priest/divine providence (12)]
  1119 | D:2      | 1119 ||| DRINKING 3 potions of heal wounds.
  1132 | D:2      | HP: 7/28 [something (3)]
  1133 | D:2      | Reached skill level 4 in Axes
  1137 | D:2      | Killed from afar by an orc wizard

Levels and vault maps discovered:
D:1:      minmay_arrival_cross, layout_basic, st_stairs_7
D:2:      cheibrodos_pilgrimage, layout_loops_cross,
          nicolae_ecumenical_oubliette, fountainhead

Skill      XL: |  1  2  3  4 |
---------------+-------------+-----
Axes           | 2 3 4 |  4.1
Dodging        | 1 |  1.0
Fighting       | |  3.2
Armour         | |  3.2
Shields        | |  3.2

Action                     |  1- 3 |  4- 6 || total
---------------------------+-------+-------++-------
  Melee: War axe           |    75 |    24 ||    99
  Throw: Boomerang         |    38 |     2 ||    40
    Use: Scroll            |     2 |       ||     2
         Potion            |     1 |     1 ||     2
 Armour: Scale mail        |    52 |    22 ||    74
  Dodge: Dodged            |    31 |     5 ||    36
  Block: Buckler           |    18 |     5 ||    23

Table legend:
 A = Non-vault XP
 B = Vault XP
 C = Vault XP percentage of total XP
 D = Non-vault monster count
 E = Vault monster count
 F = Vault count percentage of total count
                 A         B        C        D         E       F
            +---------+---------+-------+---------+---------+-------
      Total |      95 |      52 |  35.4 |      41 |       5 |  10.9
            +---------+---------+-------+---------+---------+-------
        D:1 |      43 |       2 |   4.4 |      23 |       1 |   4.2
        D:2 |      52 |      50 |  49.0 |      18 |       4 |  18.2
            +---------+---------+-------+---------+---------+-------
